 Dungeon Crawl Stone Soup version 0.28.0-53-g5a82cb258f (webtiles) character file.

Game seed: 2559161039022486990

16 protoss039 the Digger (level 2, 0/21 HPs)
             Began as a Demonspawn Earth Elementalist on June 16, 2022.
             Succumbed to an adder's poison
             ... on level 2 of the Dungeon.
             The game lasted 00:01:51 (1185 turns).

protoss039 the Digger (DsEE)                        Turns: 1185, Time: 00:01:51

Health: 0/21       AC:  5    Str:  8    XL:     2   Next: 41%
Magic:  1/5        EV: 12    Int: 16    God:
Gold:   22         SH:  4    Dex: 13    Spells: 2/5 levels left

rFire   + + .      SeeInvis .   g - +3 whip
rCold   + . .      Faith    .   (no shield)
rNeg    + . .      Spirit   .   e - +1 robe {rF+}
rPois   +          Reflect  .   d - +0 helmet
rElec   +          Harm     .   (no cloak)
rCorr   +          Rampage  .   o - +0 pair of gloves
Will    +....                   (no boots)
Stlth   ++........              (no amulet)
HPRegen 0.07/turn               i - ring of positive energy
MPRegen 0.09/turn               l - ring of willpower

@: lethally poisoned (0 -> -7), resistant, invisible
A: condensation shield
a: no special abilities


You were on level 2 of the Dungeon.
You visited 1 branch of the dungeon, and saw 2 of its levels.

You collected 22 gold pieces.

Inventory:

Hand Weapons
 g - a +3 whip (weapon)
Missiles
 c - 42 stones
Armour
 d - a +0 helmet (worn)
 e - a +1 robe of fire resistance (worn)
 o - a +0 pair of gloves (worn)
Jewellery
 i - a ring of positive energy (left hand)
 l - a ring of willpower (right hand)
Wands
 n - a wand of acid (7)
Scrolls
 a - 2 scrolls of identify {unknown}
 b - a scroll of magic mapping {unknown}
 j - a scroll of fear {unknown}
 k - a scroll of blinking {unknown}
Potions
 m - a potion of ambrosia {unknown}


   Skills:
 * Level 1.0 Fighting
 + Level 0.3 Armour
 - Level 1.7 Dodging
 - Level 1.7 Stealth
 + Level 2.0 Spellcasting
 * Level 1.4 Transmutations
 + Level 2.8 Earth Magic


You had 2 spell levels left.
You knew the following spells:

 Your Spells              Type           Power      Damage    Failure   Level
a - Sandblast             Erth           20%        2d7       7%          1
b - Passwall              Tmut/Erth      6%         N/A       13%         2

Your spell library contained the following spells:

 Spells                   Type           Power      Damage    Failure   Level
 Stone Arrow              Conj/Erth      12%        3d7       34%         3
 Petrify                  Tmut/Erth      8%         N/A       65%         4


Dungeon Overview and Level Annotations

Branches:
Dungeon (2/15)

Altars:
Wu Jian

Annotations:
D:2 Terence


Innate Abilities, Weirdness & Mutations

A meltable shield of frost defends you. (SH +4)


Message History

Press: ? - help, Shift-Dir - straight line, f/p - adder
Aim: an adder (severely wounded, 66% to hit)
The blast of sand misses the adder.
You feel sick.
You are no longer poisoned.
The adder closely misses you. You block the adder's attack.
Unknown command.
Casting: Sandblast (safe; 7% risk of failure)
Confirm with . or Enter, or press ? or * to list all spells.
Aiming: Sandblast (safe; 7% risk of failure)
Press: ? - help, Shift-Dir - straight line, f/p - adder
Aim: an adder (severely wounded, 66% to hit)
The blast of sand misses the adder.
The adder bites you.
You are poisoned.
The adder poisons you!
Unknown command.
Casting: Sandblast (safe; 7% risk of failure)
Confirm with . or Enter, or press ? or * to list all spells.
You don't have enough magic to cast this spell.
Unknown command.
You hit the adder.
The adder is almost dead.
You feel sick. The adder bites you.
You are lethally poisoned!
The adder poisons you!
You barely miss the adder.
The adder is almost dead.
* * * LOW HITPOINT WARNING * * *
You feel very sick. You block the adder's attack. x2
Unknown command.
It was a potion of resistance.
You feel protected.
* * * LOW HITPOINT WARNING * * *
You feel sick. The adder bites you.
* * * LOW HITPOINT WARNING * * *
Unknown command.
Unknown command.
It was a potion of invisibility.
You fade into invisibility!
You die...

#...##.# #.........#
#...##.# ##.........#
#...##.# #..........#
##...##.####.#..†.....#
#.....#......#........#
#.##.##.....###>......#
#..#........# #.......#
##.#####....# #.#######
#.#.# #....###@#######
###...###......#.S.....#
#......#######.#######.#
#......# #.#######
#......### #.......#
###......# #######.#
###......# #...#
.........# ###.####
###......# #......#


You could see an adder.

Vanquished Creatures
  An endoplasm (D:2)
  3 giant cockroaches
  A kobold (D:1)
  2 ball pythons
  3 bats
  2 goblins (D:1)
  4 rats
16 creatures vanquished.

Notes
Turn   | Place    | Note
-------+----------+-------------------------------------------
     0 | D:1      | protoss039 the Demonspawn Earth Elementalist began the
                  | quest for the Orb.
     0 | D:1      | Reached XP level 1. HP: 13/13 MP: 3/3
    98 | D:1      | Reached skill level 1 in Transmutations
   155 | D:1      | Found a faded altar of an unknown god.
   613 | D:1      | Gained mutation: A meltable shield of frost defends you.
                  | (SH +4) [demonic ancestry]
   613 | D:1      | Reached XP level 2. HP: 17/20 MP: 5/5
   800 | D:1      | Learned a level 2 spell: Passwall
   813 | D:2      | Found an ornate altar of the Wu Jian Council.
  1008 | D:2      | Noticed Terence
  1043 | D:2      | Reached skill level 1 in Fighting
  1185 | D:2      | Succumbed to an adder's poison

Illustrated notes

Levels and vault maps discovered:
D:1:      dpeg_arrival_stonehenge_8_columns, layout_rooms,
          hellmonk_ecumenical_altar_inner_sanctum
D:2:      layout_basic, basic_altar, uniq_terence, uniq_robin

Skill      XL: |  1  2 |
---------------+-------+-----
Transmutations | 1 |  1.4
Fighting       | 1 |  1.0
Armour         | |  0.3
Dodging        | |  1.7
Stealth        | |  1.7
Spellcasting   | |  2.0
Earth Magic    | |  2.8

Action                   || total
-------------------------++-------
Melee: Dagger            ||    22
       Whip              ||    21
       Unarmed           ||     1
 Cast: Sandblast         ||    10
  Use: Potion            ||     2
 Stab: Sleeping          ||     2
Armor: Robe              ||    14
Dodge: Dodged            ||    28
Block: Other             ||     4
